Map: Ulrena

Players

Wackaloc - Winner!

  • Race: Zerg Zerg
  • League: Platinum

SticklerMac

  • Race: Zerg Zerg
  • League: Platinum

VOD

Have the link to the VOD?

Description

Time

  • Played on: Nov. 10, 2015, 8:31 p.m.
  • Length: 11:50
Show
View Real Time Build Order
Export as new Build Order

Wackaloc Zerg - Winner!

Build Orders: Pool First 

Get SALT Encoding   

  12  0:01  Drone  
  13  0:08  Drone  
  14  0:20  Drone, Extractor  
  14  0:33  Spawning Pool  
  14  0:35  Drone  
  14  0:49  Overlord  
  14  1:08  Drone  
  15  1:20  Zergling x6  
  15  1:23  Metabolic Boost  
  18  1:31  Zergling x2  
  19  1:39  Queen  
  19  1:42  Zergling x2  
  19  1:47  Spore Crawler  
  21  1:53  Zergling x2  
  23  2:08  Hatchery  
  22  2:13  Overlord  
  22  2:22  Overlord  
  22  2:37  Zergling x4  
  24  2:46  Zergling x2  
  25  2:51  Lair  
  25  2:59  Zergling x2  
  25  3:08  Zergling x2  
  22  3:19  Drone  
  23  3:20  Drone x2  
  23  3:23  Drone x2  
  27  3:31  Drone x2  
  29  3:41  Roach Warren  
  28  3:48  Spine Crawler  
  27  3:56  Queen  
  27  4:01  Zergling x2  
  29  4:04  Zergling x2  
  29  4:09  Overlord  
  29  4:27  Spine Crawler  
  29  4:28  Zergling x2  
  29  4:30  Roach x2  
  33  4:39  Roach  
  33  4:41  Zergling x2  
  36  4:54  Overlord x2  
  36  5:09  Overlord x2  
  36  5:19  Roach  
  38  5:24  Spine Crawler  
  38  5:25  Roach  
  39  5:29  Drone  
  39  5:32  Drone  
  41  5:36  Drone  
  42  5:43  Roach  
  37  5:57  Roach x2  
  37  5:58  Roach  
  37  6:03  Roach  
  39  6:18  Roach  
  40  6:30  Drone  
  40  6:31  Drone  
  42  6:35  Drone  
  43  6:41  Drone x2  
  45  6:47  Glial Reconstitution  
  45  6:53  Roach  
  47  7:02  Roach x2  
  47  7:06  Roach  
  52  7:09  Zergling x2  
  52  7:12  Zergling x2  
  54  7:16  Roach  
  54  7:20  Drone  
  54  7:21  Extractor  
  56  7:24  Drone  
  56  7:26  Zergling x2  
  58  7:34  Evolution Chamber  
  57  7:37  Roach  
  57  7:39  Drone  
  57  7:41  Drone  
  61  7:47  Roach  
  63  7:51  Roach  
  63  7:57  Roach  
  67  8:03  Drone  
  67  8:05  Hydralisk Den  
  67  8:17  Evolution Chamber  
  66  8:22  Roach  
  68  8:28  Overlord x3  
  68  8:32  Zerg Missile Weapons Level 1  
  68  8:42  Extractor  
  68  8:47  Extractor  
  66  8:54  Muscular Augments  
  66  8:55  Drone x4  
  69  8:56  Drone  
  69  9:01  Roach  
  73  9:12  Zergling x2  
  73  9:13  Baneling Nest  
  73  9:15  Zergling x2  
  74  9:18  Zergling x2  
  74  9:20  Zergling x2  
  76  9:26  Zergling x4  
  76  9:29  Zergling x2  
  79  9:31  Zergling x2  
  80  9:39  Queen  
  80  9:43  Zergling x2  
  83  9:47  Zergling x2  
  83  9:50  Drone  
  85  9:55  Roach  
  87  10:03  Roach  
  87  10:05  Roach  
  91  10:12  Centrifical Hooks  
  91  10:22  Lurker Den  
  91  10:29  Drone  
  91  10:31  Baneling x3  
  91  10:32  Baneling  
  91  10:33  Baneling  
  91  10:35  Baneling  
  92  10:46  Overseer  
  92  10:50  Overlord x2  
  90  11:07  Hydralisk  
  90  11:09  Hydralisk, Roach  
  96  11:12  Roach  
  96  11:15  Roach  
  100  11:20  Roach  
  100  11:24  Roach  
  104  11:27  Drone  
Show
View Real Time Build Order
Export as new Build Order

SticklerMac Zerg 

Build Orders: Hatch First 

Get SALT Encoding   

  12  0:01  Drone  
  13  0:08  Drone  
  14  0:17  Overlord  
  14  0:35  Drone x3  
  17  0:54  Hatchery  
  17  0:56  Drone  
  17  1:03  Extractor  
  16  1:04  Drone  
  17  1:16  Spawning Pool  
  16  1:25  Drone x2  
  19  1:32  Drone  
  19  1:40  Overlord  
  19  2:03  Zergling x2  
  19  2:04  Queen, Zergling x2  
  25  2:15  Spine Crawler  
  24  2:18  Zergling x4  
  24  2:20  Zergling x2  
  27  2:25  Zergling x2  
  28  2:32  Zergling x2  
  27  2:47  Zergling x4  
  27  2:51  Hatchery  
  28  2:57  Zergling x2  
  29  3:00  Metabolic Boost  
  28  3:07  Zergling x2  
  28  3:12  Queen  
  27  3:16  Zergling x4  
  27  3:21  Zergling x2  
  27  3:22  Zergling x2  
  29  3:37  Baneling Nest  
  29  3:38  Zergling x2  
  29  3:46  Overlord  
  29  3:57  Overlord  
  27  4:12  Zergling x4  
  27  4:13  Zergling x4  
  27  4:15  Zergling x2  
  31  4:19  Queen  
  31  4:21  Zergling x2  
  33  4:27  Zergling x2  
  33  4:28  Baneling  
  33  4:29  Baneling  
  34  4:33  Zergling x2  
  35  4:43  Zergling x6  
  38  4:58  Zergling x8  
  42  5:12  Baneling  
  42  5:13  Baneling x7  
  42  5:15  Baneling  
  42  5:17  Baneling  
  42  5:19  Baneling  
  42  5:21  Baneling  
  39  5:54  Zergling x2  
  39  5:55  Zergling x16  
  41  6:07  Zergling x6  
  40  6:21  Zergling x8  
  39  6:38  Zergling x8  
  43  6:50  Zergling x6  
  43  6:51  Zergling x2  
  47  7:03  Zergling x6  
  43  7:18  Zergling x4  
  43  7:19  Zergling x4  
  43  7:21  Zergling x2  
  48  7:39  Zergling x6  
  51  8:01  Hatchery  
  50  8:43  Overlord  
  50  8:44  Overlord x2  
  50  9:17  Drone  
  50  9:18  Drone x4  
  55  9:37  Lair  
  55  10:26  Roach Warren  
  55  10:27  Hatchery  
  53  10:32  Evolution Chamber  
  52  10:36  Evolution Chamber  
  52  10:38  Queen  
  52  10:39  Queen  
  52  10:40  Queen  
  52  10:42  Overlord x2  
  57  10:49  Drone x3  
  60  10:50  Drone  
  60  10:54  Drone  
  62  11:02  Extractor  
  55  11:04  Extractor  
  55  11:09  Roach  
  55  11:10  Roach  
  53  11:24  Roach  
  53  11:25  Roach x2  
Tags
 
Add a new tag
Caveats
  • Supply blocks, unpowered buildings, or Contaminate may cause inaccurate times.
  • Supply counts are checked every 10 seconds.